 Dungeon Crawl Stone Soup version 0.18-a0-1195-g77a4f03 (console) character file.

51 vogonpoet the Shooter (level 3, 0/29 HPs)
             Began as a Centaur Hunter on Jan 29, 2016.
             Slain by a giant gecko (3 damage)
             ... on level 3 of the Dungeon.
             The game lasted 00:04:34 (1544 turns).

vogonpoet the Shooter (Centaur Hunter)              Turns: 1544, Time: 00:04:34

Health: 0/29       AC:  4    Str: 14    XL:     3   Next: 57%
Magic:  3/3        EV:  9    Int: 10    God:
Gold:   113        SH:  0    Dex: 10    Spells: 0 memorised, 2 levels left

rFire  . . .     SeeInvis .     b - +0 spear
rCold  . . .     Gourm    .     c - +0 leather armour
rNeg   . . .     Faith    .     (no shield)
rPois  .         Spirit   .     (no helmet)
rElec  .         Dismiss  .     (no cloak)
rCorr  +         Reflect  .     (no gloves)
SustAt .         Harm     .     (no barding)
MR     .....                    (no amulet)
Stlth  +.........               (no ring)
                                l - ring of resist corrosion

@: very quick, not resistant to hostile enchantments, very unstealthy
A: hooves 3, deformed body, speed 2, tough skin 3
a: no special abilities


You were on level 3 of the Dungeon.
You were not hungry.

You visited 1 branch of the dungeon, and saw 3 of its levels.

You collected 113 gold pieces.

Inventory:

Hand Weapons
 a - a +1 shortbow
 b - a +0 spear (weapon)
 i - a +0 short sword
Missiles
 d - 16 arrows
 m - 31 poisoned needles
Armour
 c - a +0 leather armour (worn)
 j - a +0 chain mail
Jewellery
 l - a ring of resist corrosion (left hand)
Scrolls
 e - a scroll of random uselessness {unknown}
 g - a scroll of magic mapping {unknown}
 p - a scroll of immolation {unknown}
 r - a scroll of blinking {unknown}
 s - 2 scrolls of identify {unknown}
Potions
 h - a potion of curing {unknown}
 n - 2 potions of flight {unknown}
 t - 2 potions of brilliance {unknown}
Comestibles
 f - 3 bread rations
 k - 2 meat rations
 o - 3 fruits
 q - 2 chunks of flesh


   Skills:
 - Level 2.0 Fighting
 + Level 1.5 Polearms
 - Level 6.5 Bows
 - Level 1.3 Dodging
 - Level 0.5 Stealth


You had 2 spell levels left.
You didn't know any spells.

Dungeon Overview and Level Annotations

Branches:
Dungeon (3/15)

Altars:
Makhleb

Annotations:
D:2 Sigmund


Innate Abilities, Weirdness & Mutations

You have hooves in place of feet.
Armour fits poorly on your strangely shaped body.
You cover ground very quickly.
You have extremely tough skin (AC +3).


Message History

The giant gecko closely misses you.
The giant gecko bites you but does no damage.
You hit the giant gecko but do no damage.
Your kick misses the giant gecko.
The giant gecko bites you but does no damage.
You barely miss the giant gecko. Your kick misses the giant gecko.
The giant gecko bites you.
* * * LOW HITPOINT WARNING * * *
You are too injured to fight recklessly!
You are too injured to fight recklessly!
You are too injured to fight recklessly!
You miss the giant gecko. Your kick misses the giant gecko.
The giant gecko closely misses you.
You hit the giant gecko but do no damage.
The giant gecko closely misses you. The giant gecko bites you.
* * * LOW HITPOINT WARNING * * *
You miss the giant gecko.
The giant gecko bites you but does no damage.
You barely miss the giant gecko. The giant gecko bites you.
You die...

#..(<....## #..
#.#.#.###.# .# #.#
#.#...# .# .# #<#
#.....###.###.. #.#
#.............# ..#
#........####.# ####
#....(......#.#
##..........#.#####
##.#.....?.@l....#
...............).#
#..................#
#...>.............>#
#.........$......[.#
#..$....##.........#
...... #.........#
..$.. #.........#


You could see a giant gecko.

Vanquished Creatures
  A worm (D:2)
  A giant gecko (D:1)
  3 bats
  2 giant cockroaches
  5 goblins
  5 hobgoblins
  4 jackals (D:2)
  A quokka (D:3)
  2 ball pythons (D:2)
  3 giant newts
  8 kobolds
  7 rats
42 creatures vanquished.

Notes
Turn   | Place    | Note
--------------------------------------------------------------
     0 | D:1      | vogonpoet the Centaur Hunter began the quest for the Orb.
     0 | D:1      | Reached XP level 1. HP: 17/17 MP: 1/1
   149 | D:1      | Reached XP level 2. HP: 21/24 MP: 2/2
   226 | D:1      | Reached skill level 6 in Bows
   843 | D:2      | Reached XP level 3. HP: 24/29 MP: 3/3
   889 | D:2      | Found a burning altar of Makhleb.
   937 | D:2      | Reached skill level 1 in Polearms
  1033 | D:2      | HP: 1/29 [worm (10)]
  1484 | D:2      | Noticed Sigmund
  1544 | D:3      | Slain by a giant gecko

Vault maps used:
D:1:      scummos_arrival_simple_fountains
D:2:      bloody_makhleb, uniq_sigmund
D:3:      gammafunk_temple_overflow_claw

Action                   || total
-------------------------++-------
Melee: Spear             ||   125
 Fire: Shortbow          ||    22
  Eat: Chunk             ||     1
